 Dungeon Crawl Stone Soup version 0.22-a0-409-gb855193 (webtiles) character file.

101 Collin1234 the Covered (level 4, -11/40 HPs)
             Began as a Hill Orc Fighter on May 10, 2018.
             Was an Initiate of Ru.
             Killed by nerve-wracking pain
             ... invoked by an orc priest
              (14 damage)
             ... on level 3 of the Dungeon.
             The game lasted 00:06:36 (1806 turns).

Collin1234 the Covered (Hill Orc Fighter)           Turns: 1806, Time: 00:06:36

Health: -11/40     AC:  9    Str: 18    XL:     4   Next: 75%
Magic:  4/4        EV:  9    Int:  9    God:    Ru [......]
Gold:   54         SH:  0    Dex: 10    Spells: 3/3 levels left

rFire    . . .     SeeInvis .   d - +2 quarterstaff (chaos)
rCold    . . .     Gourm    .   (shield currently unavailable)
rNeg     . . .     Faith    .   b - +1 scale mail
rPois    .         Spirit   .   (no helmet)
rElec    .         Reflect  .   (no cloak)
rCorr    .         Harm     .   i - +0 pair of gloves
MR       .....                  (no boots)
Stlth    ..........             (no amulet)
HPRegen  0.13/turn              (no ring)
MPRegen  0.09/turn              (no ring)

@: lethally poisoned (-11 -> -13)
A: no striking features
a: Renounce Religion, Convert to Beogh


You were on level 3 of the Dungeon.
You worshipped Ru.
Ru was noncommittal.
You were not hungry.

You visited 1 branch of the dungeon, and saw 3 of its levels.

You collected 54 gold pieces.

Inventory:

Hand Weapons
 a - a +0 rapier
 d - a +2 quarterstaff of chaos (weapon)
 h - a +0 hand axe
Armour
 b - a +1 scale mail (worn)
 c - a +0 shield
 i - a +0 pair of gloves (worn)
Potions
 g - a potion of heal wounds
 k - a potion of degeneration {unknown}
 l - 2 potions of curing {unknown}
Comestibles
 f - 4 rations


   Skills:
 + Level 4.1 Fighting
 + Level 3.3 Short Blades
 + Level 4.2 Armour
 + Level 0.5 Dodging
 + Level 3.7 Shields


You had 3 spell levels left.
You didn't know any spells.

Dungeon Overview and Level Annotations

Branches:
Dungeon (3/15)

Altars:
Ashenzari
Fedhas
Ru
Trog


Message History

The adder is almost dead.
You feel sick. The bat closely misses you.
The adder bites you but does no damage.
The orc priest mumbles some strange prayers to Beogh against you.
Pain shoots through your body! The orc hits you with a hand axe.
The adder bites you but does no damage. The bat hits you but does no damage.
The orc priest calls down the wrath of Beogh upon you.
Beogh smites you!
* * * LOW HITPOINT WARNING * * *
The adder closely misses you. The orc hits you with a hand axe.
* * * LOW HITPOINT WARNING * * *
An orc wizard comes into view. It is wielding a dagger.
There is a stone staircase leading up here.
You can't go down here!
The orc wizard shouts!
The bat barely misses you. The orc hits you but does no damage.
The adder bites you but does no damage.
The orc priest invokes the aid of Beogh against you.
Pain shoots through your body!
You die...

#. ....##.
###. .......
#.._ ....!..
#.#.#.......
#...........
#..........
#..........
#..bS......
##o@(......
#.o.o.....##.
####Ko#####
##.# #.. ##.
#


You could see an orc priest, an orc wizard, an adder, 2 orcs, a bat and a
kobold.

Vanquished Creatures
  Crazy Yiuf (D:2)
  2 adders (D:2)
  2 oozes (D:2)
  A leopard gecko (D:2)
  3 bats
  2 giant cockroaches (D:2)
  9 goblins
  8 hobgoblins
  A quokka (D:2)
  4 frilled lizards
  6 kobolds
  6 rats
45 creatures vanquished.

Notes
Turn   | Place    | Note
-------+----------+-------------------------------------------
     0 | D:1      | Collin1234 the Hill Orc Fighter began the quest for the Orb.
     0 | D:1      | Reached XP level 1. HP: 19/19 MP: 1/1
   246 | D:1      | Reached XP level 2. HP: 25/27 MP: 2/2
   876 | D:2      | Reached XP level 3. HP: 33/33 MP: 3/3
   958 | D:2      | Found a bloodstained altar of Trog.
  1099 | D:2      | Found a blossoming altar of Fedhas.
  1174 | D:2      | Found a sacrificial altar of Ru.
  1194 | D:2      | Reached XP level 4. HP: 40/40 MP: 4/4
  1204 | D:2      | Became a worshipper of Ru the Awakened
  1301 | D:2      | Found a runed door.
  1470 | D:2      | Noticed Crazy Yiuf
  1482 | D:2      | Killed Crazy Yiuf
  1737 | D:3      | Found a shattered altar of Ashenzari.
  1805 | D:3      | HP: 2/40 [orc/hand axe (3)]
  1806 | D:3      | Killed from afar by an orc priest

Vault maps used:
D:1:      wheals_arrival_linesprint
D:2:      nicolae_ru_awakened_eye, bloody_trog, overflow_temple_1_default,
          first_ration, uniq_crazy_yiuf_cottage
D:3:      ashenzari_altar_1, uniq_robin, uniq_grinder, uniq_terence

Skill      XL: |  1  2  3  4 |
---------------+-------------+-----
Fighting       | 4 |  4.1
Armour         | 4 |  4.2
Short Blades   | 3 |  3.3
Dodging        | |  0.5
Shields        | |  3.7

Action                   |  1- 3 |  4- 6 || total
-------------------------+-------+-------++-------
Melee: Rapier            |   115 |    14 ||   129
       Quarterstaff      |       |     2 ||     2
  Use: Scroll            |       |     4 ||     4
       Potion            |       |     2 ||     2
  Eat: Chunk             |       |     2 ||     2
       Ration            |       |     1 ||     1
Armor: Scale mail        |    63 |    12 ||    75
Dodge: Dodged            |    42 |     9 ||    51
Block: Shield            |    73 |     4 ||    77

Table legend:
 A = Spawn XP
 B = Non-spawn XP
 C = Spawn XP percentage of total XP
 D = Spawn monster count
 E = Non-spawn monster count
 F = Spawn count percentage of total count
 G = Total turns spent on level
                    A         B        C        D         E        F      G
               +---------+---------+-------+---------+---------+-------+---------
         Total |       0 |     145 |   0.0 |       0 |      45 |   0.0 |  1806
               +---------+---------+-------+---------+---------+-------+---------
           D:1 |       0 |      24 |   0.0 |       0 |      15 |   0.0 |   769
           D:2 |       0 |     119 |   0.0 |       0 |      29 |   0.0 |  1030
           D:3 |       0 |       2 |   0.0 |       0 |       1 |   0.0 |     7
               +---------+---------+-------+---------+---------+-------+---------
